 Dungeon Crawl Stone Soup version 0.22-a0-570-g58866f5 (webtiles) character file.

378 Hebeh the Chopper (level 6, 0/56 HPs)
             Began as a Minotaur Fighter on June 30, 2018.
             Was an Initiate of Trog.
             Slain by a worm (1 damage)
             ... on level 4 of the Dungeon.
             The game lasted 00:06:06 (1932 turns).

Hebeh the Chopper (Minotaur Fighter)                Turns: 1932, Time: 00:06:06

Health: 0/56       AC:  8    Str: 23    XL:     6   Next: 45%
Magic:  5/5        EV:  7    Int:  5    God:    Trog [......]
Gold:   157        SH: 10    Dex:  9    Spells: 5/5 levels left

rFire    . . .     SeeInvis .   a - +0 war axe
rCold    . . .     Gourm    .   c - +0 shield
rNeg     . . .     Faith    .   b - +0 scale mail
rPois    .         Spirit   .   (helmet restricted)
rElec    .         Reflect  .   (no cloak)
rCorr    .         Harm     .   t - +0 pair of gloves
MR       .....                  (no boots)
Stlth    ..........             (no amulet)
HPRegen  0.18/turn              (no ring)
MPRegen  0.09/turn              (no ring)

@: lethally poisoned (0 -> -1)
A: retaliatory headbutt, horns 2
a: Renounce Religion


You were on level 4 of the Dungeon.
You worshipped Trog.
Trog was noncommittal.
You were not hungry.

You visited 1 branch of the dungeon, and saw 4 of its levels.

You collected 157 gold pieces.

Inventory:

Hand Weapons
 a - a +0 war axe (weapon)
 q - a +0 whip of electrocution
Missiles
 n - 40 sling bullets
 u - 2 javelins (quivered)
Armour
 b - a +0 scale mail (worn)
 c - a +0 shield (worn)
 t - a +0 pair of gloves (worn)
Scrolls
 i - 3 scrolls of remove curse {unknown}
 j - 3 scrolls of identify {unknown}
 l - a scroll of teleportation {unknown}
 o - a scroll of amnesia {unknown}
 s - a scroll of enchant armour {unknown}
Potions
 d - 2 potions of might
 e - a potion of lignification {unknown}
 h - a potion of mutation {unknown}
 k - a potion of degeneration {unknown}
 m - 2 potions of haste {unknown}
 p - 3 potions of flight {unknown}
 r - a potion of ambrosia {unknown}
Comestibles
 f - 4 rations
 g - 3 chunks of flesh


   Skills:
 + Level 5.0 Fighting
 * Level 5.5 Axes
 + Level 0.7 Throwing
 + Level 5.0 Armour
 + Level 5.1 Shields


You had 5 spell levels left.
You didn't know any spells.
Your spell library was empty.

Dungeon Overview and Level Annotations

Branches:
Dungeon (4/15)
 Temple: D:4-7

Altars:
Trog


Innate Abilities, Weirdness & Mutations

You reflexively headbutt those who attack you in melee.
You have a pair of horns on your head.


Message History

* * * LOW HITPOINT WARNING * * *
You hit the ogre.
You kill the ogre!
Trog accepts your kill.
Your Fighting skill increases to level 5!
Your Armour skill increases to level 5!
Your Shields skill increases to level 5!
You feel sick. The worm bites you but does no damage.
Things that are here:
a giant spiked club; an ogre corpse; a worker ant corpse You hit the worm.
Your headbutt misses the worm.
The worm is lightly wounded.
The worm bites you!
* * * LOW HITPOINT WARNING * * *
Your shield and scale mail prevent you from hitting the worm.
You headbutt the worm.
The worm is lightly wounded.
* * * LOW HITPOINT WARNING * * *
You feel sick. The worm bites you.
You die...

#......##.............
#......##............# .
#......##............# ..
#......##............# ...
#......##............# ....
#....................#
.....##......##............#
.........####..............#
..........w@'.............>#
.#.......####..............#
#.......# #..............#
.........# #..............#
#........# #...#######
#........# #...# #.........
#...# #.###+#... .....


You could see a worm.

Vanquished Creatures
  An ice beast (D:3)
  An ogre (D:4)
  An iguana (D:3)
  A worker ant (D:4)
  A gnoll (D:1)
  5 adders
  3 oozes
  A worm (D:3)
  5 dart slugs
  2 leopard geckos
  2 orcs (D:3)
  6 bats
  2 giant cockroaches (D:3)
  10 goblins
  10 hobgoblins
  A jackal (D:1)
  3 ball pythons
  8 frilled lizards
  A jackal skeleton (D:4)
  9 kobolds
  4 rats
77 creatures vanquished.

Notes
Turn   | Place    | Note
-------+----------+-------------------------------------------
     0 | D:1      | Hebeh the Minotaur Fighter began the quest for the Orb.
     0 | D:1      | Reached XP level 1. HP: 19/19 MP: 0/0
    22 | D:1      | Reached XP level 2. HP: 26/27 MP: 1/1
   132 | D:1      | Reached XP level 3. HP: 29/33 MP: 2/2
   480 | D:2      | Reached XP level 4. HP: 18/40 MP: 3/3
   986 | D:2      | Found a faded altar of an unknown god.
  1406 | D:3      | Noticed an ice beast
  1412 | D:3      | Killed an ice beast
  1412 | D:3      | Reached XP level 5. HP: 38/47 MP: 4/4
  1625 | D:3      | Found a bloodstained altar of Trog.
  1637 | D:3      | Became a worshipper of Trog the Wrathful
  1649 | D:3      | Reached skill level 5 in Axes
  1909 | D:4      | Noticed an ogre
  1920 | D:4      | Reached XP level 6. HP: 16/55 MP: 5/5
  1929 | D:4      | Reached skill level 5 in Fighting
  1929 | D:4      | Reached skill level 5 in Armour
  1929 | D:4      | Reached skill level 5 in Shields
  1931 | D:4      | HP: 2/56 [worm (8)]
  1932 | D:4      | Slain by a worm

Vault maps used:
D:1:      minmay_arrival_stair_chambers, st_stairs_14, minmay_misc_feat_iff,
          minmay_ruptured
D:2:      chequers_ecumenical_altar_island
D:3:      trog_butcher_becter
D:4:      kennysheep_mini, lemuel_coloured_pillars_altar, serial_glass,
          glass_columns_a, glass_columns_a, portal_sewer_entry_e, serial_shops,
          shop, first_ration, kennysheep_generic_room_7, uniq_grinder,
          uniq_blork_the_orc, uniq_sigmund

Skill      XL: |  1  2  3  4  5  6 |
---------------+-------------------+-----
Axes           | 3 4 5 |  5.5
Armour         | 4 5 |  5.0
Shields        | 4 5 |  5.1
Fighting       | 4 5 |  5.0
Throwing       | |  0.7

Action                   |  1- 3 |  4- 6 || total
-------------------------+-------+-------++-------
Melee: War axe           |    47 |    97 ||   144
       Headbutt          |     7 |    16 ||    23
  Eat: Chunk             |       |     3 ||     3
Armor: Scale mail        |    23 |    46 ||    69
Dodge: Dodged            |    18 |    30 ||    48
Block: Shield            |    32 |    42 ||    74

Table legend:
 A = Spawn XP
 B = Non-spawn XP
 C = Spawn XP percentage of total XP
 D = Spawn monster count
 E = Non-spawn monster count
 F = Spawn count percentage of total count
 G = Total turns spent on level
                    A         B        C        D         E        F      G
               +---------+---------+-------+---------+---------+-------+---------
         Total |       0 |     541 |   0.0 |       0 |      77 |   0.0 |  1932
               +---------+---------+-------+---------+---------+-------+---------
           D:1 |       0 |      76 |   0.0 |       0 |      28 |   0.0 |   467
           D:2 |       0 |      77 |   0.0 |       0 |      18 |   0.0 |   660
           D:3 |       0 |     219 |   0.0 |       0 |      25 |   0.0 |   723
           D:4 |       0 |     169 |   0.0 |       0 |       6 |   0.0 |    82
               +---------+---------+-------+---------+---------+-------+---------
